 Dungeon Crawl Stone Soup version 0.19.1 (webtiles) character file.

12593 tognito the Fighter (level 11, -14/107 HPs)
             Began as a Minotaur Berserker on Nov 26, 2016.
             Was the Champion of Trog.
             Demolished by Rupert
             ... wielding a +1 great sword of slicing
              (26 damage)
             ... on level 12 of the Dungeon.
             The game lasted 00:22:26 (10760 turns).

tognito the Fighter (Minotaur Berserker)           Turns: 10760, Time: 00:22:27

Health: -14/107    AC: 17    Str: 24    XL:     11   Next: 64%
Magic:  10/10      EV: 11    Int:  4    God:    Trog [******]
Gold:   808        SH:  6    Dex: 17    Spells: 0 memorised, 10 levels left

rFire  . . .     SeeInvis .     a - +6 broad axe (flame)
rCold  . . .     Gourm    .     p - +0 plate armour
rNeg   . . .     Faith    .     w - +2 buckler
rPois  .         Spirit   .     q - +0 hat
rElec  .         Reflect  .     (no cloak)
rCorr  +         Harm     .     (no gloves)
MR     .....                    C - +2 pair of boots
Stlth  ..........               h - amulet of regeneration
                                y - +6 ring of dexterity
                                l - ring of resist corrosion

@: no status effects
A: retaliatory headbutt, horns 2
a: Berserk, Trog's Hand, Brothers in Arms, Burn Spellbooks, Renounce Religion


You were on level 12 of the Dungeon.
You worshipped Trog.
Trog was exalted by your worship.
You were not hungry.

You visited 1 branch of the dungeon, and saw 12 of its levels.

You collected 808 gold pieces.

Inventory:

Hand Weapons
 a - a +6 broad axe of flaming (weapon)
 v - a +3 war axe
Missiles
 k - 50 bolts
Armour
 p - a +0 plate armour (worn)
 q - a +0 hat (worn)
 w - a +2 buckler (worn)
 C - a +2 pair of boots (worn)
Jewellery
 h - an amulet of regeneration (around neck)
 l - a ring of resist corrosion (left hand)
 y - a +6 ring of dexterity (right hand)
 B - a cursed ring of teleportation {unknown}
Wands
 d - a wand of iceblast (7/15)
 e - a wand of polymorph (24/24)
 r - a wand of lightning (12/15)
Scrolls
 b - 5 scrolls of remove curse
 g - 16 scrolls of identify
 j - 2 scrolls of fog
 o - 7 scrolls of teleportation
 x - a scroll of recharging
Potions
 m - a potion of curing
 n - a potion of brilliance
 s - a potion of flight
 t - a potion of cure mutation
Miscellaneous
 z - a crystal ball of energy
Comestibles
 c - 13 bread rations
 f - 5 fruits
 i - 5 meat rations
 u - a slice of pizza
 A - 4 chunks of flesh


   Skills:
 * Level 13.2 Fighting
 * Level 13.1 Axes
 + Level 9.3 Armour
 + Level 8.7 Dodging


You had 10 spell levels left.
You didn't know any spells.

Dungeon Overview and Level Annotations

Branches:
Dungeon (12/15)            Temple (0/1) D:5            Lair (0/6) D:8
    Orc (0/2) D:11

Altars:
Elyvilon
Nemelex Xobeh
Ru
Xom
Yredelemnul
Zin

Shops:
D:7 }   D:10 *

Annotations:
D:12 Rupert


Innate Abilities, Weirdness & Mutations

You reflexively headbutt those who attack you in melee.
You have a pair of horns on your head.


Message History

Rupert is moderately wounded.
Rupert hits you with a great sword of slicing!!
* * * LOW HITPOINT WARNING * * *
Okay, then.
You hit Rupert but do no damage. Your headbutt misses Rupert.
Rupert is moderately wounded.
Rupert hits you but does no damage.
You hit Rupert but do no damage. Your headbutt misses Rupert.
Rupert is moderately wounded.
Rupert hits you with a great sword of slicing.
* * * LOW HITPOINT WARNING * * *
x2 Unknown command.
You slice Rupert!! You burn Rupert.
Rupert is heavily wounded.
Rupert hits you with a great sword of slicing!
* * * LOW HITPOINT WARNING * * *
x2 You slice Rupert!!
You burn Rupert! You headbutt Rupert, but do no damage.
Rupert is severely wounded.
Rupert hits you with a great sword of slicing!!
You die...

#.....# #.#...#
#.....###.#####
##........#
#........#
#)#####..# ...
#.....#
##..##.##..#
#.........####
#.###......@.#
.....##.##@#
####. #..


ooh .. ...#.#... .# ###.#.##.... .. .#.. ...# .... #.# .. .. You could see
Rupert (berserk), a black bear, an orc priest and an orc.

Vanquished Creatures
  2 unseen horrors
  3 hill giants
  An ugly thing (D:11)
  2 centaur skeletons
  3 trolls
  A two-headed ogre (D:8)
  The ghost of azzavlup the Cutter, a novice VSAr (D:5)
  Prince Ribbit (D:9)
  2 hippogriffs
  A spriggan (D:9)
  A wraith (D:8)
  2 wyverns
  10 yaks
  3 hungry ghosts
  Grum (D:9)
  A mottled dragon (D:11)
  4 orc warriors
  2 ice beasts
  An eye of draining (D:11)
  3 sky beasts (D:5)
  2 phantoms
  3 ogres
  3 wolves (D:9)
  5 centaurs
  3 big kobolds
  2 crocodiles (D:8)
  An elf zombie (D:8)
  4 bullfrogs
  A gnoll sergeant (D:8)
  4 scorpions
  5 wights (D:11)
  5 howler monkeys
  A bullfrog zombie (D:11)
  7 crimson imps
  A centaur zombie (D:5)
  2 hounds
  3 bullfrog skeletons
  5 human zombies (D:8)
  8 orc priests
  A jelly (D:9)
  3 iguanas
  Ijyb (D:2)
  7 orc wizards
  7 worker ants
  An ogre zombie (D:8)
  2 mummies (D:8)
  10 adders
  9 gnolls
  A howler monkey skeleton (D:9)
  A worker ant zombie (D:8)
  3 river rats (D:8)
  2 shadow imps
  2 adder zombies
  2 oozes
  An adder skeleton (D:6)
  4 worms
  6 leopard geckos
  45 orcs
  2 ball pythons (D:3)
  5 giant cockroaches
  3 goblins (D:1)
  3 hobgoblins
  12 jackals
  25 kobolds
  7 quokkas
  12 bats
  2 frilled lizards
  2 jackal skeletons
  An orc skeleton (D:8)
  An orc zombie (D:8)
  A quokka zombie (D:8)
  33 rats
  4 fungi (D:8)
331 creatures vanquished.

Vanquished Creatures (others)
  An orc wizard (D:8)
  5 fungi (D:8)
6 creatures vanquished.

Grand Total: 337 creatures vanquished

Notes
Turn   | Place    | Note
-------+----------+-------------------------------------------
     0 | D:1      | tognito the Minotaur Berserker began the quest for the Orb.
     0 | D:1      | Reached XP level 1. HP: 19/19 MP: 0/0
    64 | D:1      | Reached XP level 2. HP: 19/27 MP: 1/1
   428 | D:1      | Reached ** piety under Trog
   531 | D:2      | Noticed Ijyb
   541 | D:2      | Killed Ijyb
   541 | D:2      | Reached XP level 3. HP: 32/34 MP: 2/2
   685 | D:2      | Found a glowing silver altar of Zin.
   759 | D:2      | Reached XP level 4. HP: 41/41 MP: 3/3
  1039 | D:2      | Found a white marble altar of Elyvilon.
  1816 | D:3      | Reached *** piety under Trog
  2147 | D:3      | Reached skill level 5 in Fighting
  2147 | D:3      | Reached XP level 5. HP: 41/48 MP: 4/4
  2704 | D:4      | Found a sparkling altar of Nemelex Xobeh.
  2795 | D:4      | Reached skill level 5 in Axes
  3257 | D:4      | Reached XP level 6. HP: 51/56 MP: 5/5
  4084 | D:5      | Entered Level 5 of the Dungeon
  4199 | D:5      | Found a staircase to the Ecumenical Temple.
  4202 | D:5      | Noticed azzavlup's ghost (novice VSAr)
  4221 | D:5      | Killed azzavlup's ghost
  4221 | D:5      | Reached XP level 7. HP: 59/64 MP: 6/6
  4292 | D:5      | Found a sparkling altar of Nemelex Xobeh.
  4462 | D:5      | Reached skill level 5 in Armour
  4462 | D:5      | Reached XP level 8. HP: 66/73 MP: 7/7
  5047 | D:6      | Reached **** piety under Trog
  5164 | D:6      | Reached skill level 5 in Dodging
  5566 | D:7      | Found a sacrificial altar of Ru.
  6003 | D:7      | Found Istrav's Gadget Emporium.
  6088 | D:7      | Reached XP level 9. HP: 53/83 MP: 8/8
  6153 | D:7      | Found a shimmering altar of Xom.
  6594 | D:8      | Reached ***** piety under Trog
  6643 | D:8      | Reached skill level 10 in Fighting
  7001 | D:8      | Found a basalt altar of Yredelemnul.
  7019 | D:8      | Reached skill level 10 in Axes
  7871 | D:8      | Found a staircase to the Lair.
  7892 | D:8      | Reached XP level 10. HP: 71/94 MP: 9/9
  8572 | D:9      | Noticed Prince Ribbit
  8587 | D:9      | Killed Prince Ribbit
  8735 | D:9      | Noticed Grum
  8752 | D:9      | Killed Grum
  8892 | D:10     | Entered Level 10 of the Dungeon
  9223 | D:10     | Noticed a hill giant
  9231 | D:10     | Killed a hill giant
  9231 | D:10     | Reached XP level 11. HP: 87/104 MP: 10/10
  9290 | D:10     | Reached ****** piety under Trog
  9345 | D:10     | Killed an unseen horror
  9696 | D:10     | Found Beomn's General Store.
  9842 | D:11     | Noticed a green ugly thing
  9867 | D:11     | Killed a green ugly thing
 10082 | D:11     | Noticed a hill giant
 10092 | D:11     | Killed a hill giant
 10171 | D:11     | Killed an unseen horror
 10341 | D:11     | Noticed a hill giant
 10358 | D:11     | Killed a hill giant
 10460 | D:11     | Received a gift from Trog
 10672 | D:11     | Found a staircase to the Orcish Mines.
 10749 | D:12     | Noticed Rupert
 10760 | D:12     | Demolished by Rupert

Skill      XL: |  1  2  3  4  5  6  7  8  9 10 11 |
---------------+----------------------------------+-----
Fighting       | 4 5 6 7 9 10 12 13 | 13.2
Axes           | 4 5 6 7 8 10 12 13 | 13.1
Armour         | 3 4 5 6 7 8 9 |  9.3
Dodging        | 3 4 5 6 7 8 |  8.7

Action                   |  1- 3 |  4- 6 |  7- 9 | 10-12 || total
-------------------------+-------+-------+-------+-------++-------
Melee: Hand axe          |    57 |   230 |   448 |       ||   735
       Headbutt          |     8 |    35 |   110 |    88 ||   241
       War axe           |       |       |       |   297 ||   297
       Broad axe         |       |       |       |    20 ||    20
Invok: Burn Spellbooks   |       |     1 |       |       ||     1
       Trog's Hand       |       |     1 |       |       ||     1
       Berserk           |       |       |       |     1 ||     1
  Use: Scroll            |     4 |     3 |     2 |     5 ||    14
       Potion            |       |     7 |     1 |     1 ||     9
  Eat: Chunk             |       |    11 |    12 |    13 ||    36
       Fruit             |       |       |       |     4 ||     4
Armor: Animal skin       |     5 |       |       |       ||     5
       Chain mail        |    20 |   107 |   161 |       ||   288
       Plate armour      |       |       |     5 |   287 ||   292
Dodge: Dodged            |    37 |    83 |   154 |   153 ||   427
Block: Buckler           |       |     1 |    71 |   111 ||   183
